 Dungeon Crawl Stone Soup version 0.27-a0-1140-g099f9bb0e8 (webtiles) character file.

Game seed: 1880706160174447413

522 Gilette the Chopper (level 7, -3/56 HPs)
             Began as a Demonspawn Fighter on May 9, 2021.
             Was a Priest of Makhleb.
             Slain by a hornet zombie (11 damage)
             ... on level 5 of the Dungeon.
             The game lasted 00:05:33 (4716 turns).

Gilette the Chopper (Demonspawn Fighter)            Turns: 4716, Time: 00:05:33

Health: -3/56      AC:  9    Str: 16 (19) XL:     7   Next: 2%
Magic:  8/8        EV:  6    Int:  8 (9)  God:    Makhleb [***...]
Gold:   138        SH:  8    Dex: 11 (12) Spells: 6/6 levels left

rFire    . . .     SeeInvis .   a - +0 war axe
rCold    . . .     Faith    .   c - +0 kite shield
rNeg     . . .     Spirit   .   b - +0 scale mail
rPois    .         Reflect  .   n - +0 helmet
rElec    .         Harm     .   (no cloak)
rCorr    .         Rampage  .   (no gloves)
Will     .....                  (no boots)
Stlth    ..........             (no amulet)
HPRegen  0.18/turn              (no ring)
MPRegen  0.11/turn              (no ring)

@: attractive
A: yellow scales 1, demonic guardian 1, foul stench 2
a: Renounce Religion, Minor Destruction, Lesser Servant of Makhleb


You were on level 5 of the Dungeon.
You worshipped Makhleb.
Makhleb was most pleased with you.
You visited 1 branch of the dungeon, and saw 5 of its levels.

You collected 138 gold pieces.

Inventory:

Hand Weapons
 a - a +0 war axe (weapon)
Armour
 b - a +0 scale mail (worn)
 c - a +0 kite shield (worn)
 n - a +0 helmet (worn)
Wands
 o - a wand of mindburst (7)
Scrolls
 e - 9 scrolls of identify {unknown}
 h - a scroll of enchant armour {unknown}
 i - a scroll of blinking {unknown}
 j - a scroll of acquirement {unknown}
 m - a scroll of vulnerability {unknown}
 p - 2 scrolls of enchant weapon {unknown}
Potions
 d - a potion of might
 g - 2 potions of magic
 r - a potion of haste {unknown}


   Skills:
 - Level 5.0 Fighting
 * Level 5.7 Axes
 - Level 2.6 Armour
 - Level 2.6 Shields
 + Level 1.9 Invocations


You had 6 spell levels left.
You didn't know any spells.
Your spell library contained the following spells:

 Spells                   Type           Power      Damage    Failure   Level
 Beastly Appendage        Tmut           0%         N/A       100%        1
 Wereblood                Tmut           0%         N/A       100%        2
 Spider Form              Tmut/Pois      0%         N/A       100%        3
 Ice Form                 Ice/Tmut       0%         N/A       100%        4
 Hydra Form               Tmut           0%         N/A       100%        5


Dungeon Overview and Level Annotations

Branches:
Dungeon (5/15)             Temple (0/1) D:5

Altars:
Ashenzari
Cheibriados
Elyvilon
Makhleb
Qazlal


Innate Abilities, Weirdness & Mutations

You are partially covered in yellow scales. (AC +2)
A weak demonic guardian rushes to your aid.
You sometimes emit foul miasma when damaged in melee.


Message History

Your shadow imp closely misses the hornet zombie.
The hornet zombie hits your shadow imp!
Your shadow imp dies!
Abil: Minor Destruction
Press: ? - help, Q - select action, (/) - cycle Shift-Dir - straight line, f/p - hornet zombie
Aim: a hornet zombie (moderately damaged)
The zap hits the hornet zombie.
The hornet zombie is moderately damaged.
You hit the hornet zombie but do no damage.
The hornet zombie is moderately damaged.
The hornet zombie hits you!
You emit a cloud of foul miasma!
The hornet zombie closely misses you.
You closely miss the hornet zombie.
The hornet zombie is moderately damaged.
The hornet zombie hits you!
* * * LOW HITPOINT WARNING * * *
You block the hornet zombie's attack.
The hornet zombie hits you but does no damage.
It was a potion of magic.
Magic courses through your body. You block the hornet zombie's attack.
It was a potion of cancellation.
You feel magically purged. The hornet zombie hits you.
* * * LOW HITPOINT WARNING * * *
You feel better. You block the hornet zombie's attack.
You feel better. The hornet zombie hits you!
* * * LOW HITPOINT WARNING * * *
You emit a cloud of foul miasma!
You block the hornet zombie's attack.
You hit the hornet zombie.
The hornet zombie is heavily damaged.
The hornet zombie hits you!
* * * LOW HITPOINT WARNING * * *
The hornet zombie hits you but does no damage.
It was a potion of degeneration.
There was something very wrong with that liquid.
You feel weakened.
You feel dopey.
You feel clumsy.
The hornet zombie hits you but does no damage.
It was a potion of attraction.
You feel attractive to monsters. The hornet zombie hits you!
You die...

#.....###
.........
......:.#
........+
.!......#
......†.#
#.....#.#
##... #Z# ##+#
#@#######
#.###........
#............
##..##########
##...##
..###.....#
..........##
...#####.## .
#.#


You could see a hornet zombie.

Vanquished Creatures
  A phantom (D:4)
  2 orc priests (D:3)
  2 hounds
  An iguana (D:4)
  2 orc wizards (D:3)
  Robin (D:4)
  3 gnolls (D:3)
  7 adders
  3 worms
  4 dart slugs
  9 orcs
  2 ball pythons (D:1)
  6 endoplasms
  8 giant cockroaches
  14 goblins
  8 hobgoblins
  3 jackals (D:2)
  6 kobolds
  4 quokkas
  7 bats
  3 frilled lizards
  5 rats
101 creatures vanquished.

Vanquished Creatures (collateral kills)
  Edmund (D:4)
  A bat (D:2)
  A hobgoblin (D:4)
3 creatures vanquished.

Vanquished Creatures (others)
  A quokka (D:3)
  2 demonic plants (D:1)
  A withered plant (D:1)
4 creatures vanquished.

Grand Total: 108 creatures vanquished

Notes
Turn   | Place    | Note
-------+----------+-------------------------------------------
     0 | D:1      | Gilette the Demonspawn Fighter began the quest for the Orb.
     0 | D:1      | Reached XP level 1. HP: 18/18 MP: 1/1
   139 | D:1      | Gained mutation: A weak demonic guardian rushes to your
                  | aid. [demonic ancestry]
   139 | D:1      | Reached XP level 2. HP: 21/24 MP: 2/2
   306 | D:1      | Found a faded altar of an unknown god.
   326 | D:1      | Became a worshipper of Makhleb the Destroyer
   326 | D:1      | Reached * piety under Makhleb
   676 | D:1      | Gained mutation: You may rarely emit foul miasma when
                  | damaged in melee. [demonic ancestry]
   676 | D:1      | Reached XP level 3. HP: 29/29 MP: 3/3
  1816 | D:2      | Gained mutation: You are partially covered in yellow
                  | scales. (AC +2) [demonic ancestry]
  1816 | D:2      | Reached XP level 4. HP: 29/37 MP: 4/4
  1947 | D:2      | Reached ** piety under Makhleb
  2528 | D:3      | Reached XP level 5. HP: 39/42 MP: 5/5
  2937 | D:3      | Reached XP level 6. HP: 46/49 MP: 6/6
  3150 | D:3      | Reached skill level 5 in Axes
  3841 | D:4      | Noticed Robin
  3851 | D:4      | Reached *** piety under Makhleb
  3858 | D:4      | Killed Robin
  3934 | D:4      | Found a stormy altar of Qazlal.
  4027 | D:4      | Noticed Edmund
  4045 | D:4      | Killed Edmund
  4070 | D:4      | Reached skill level 5 in Fighting
  4070 | D:4      | Reached skill level 1 in Invocations
  4273 | D:4      | Found a broken altar of Ashenzari.
  4457 | D:5      | Entered Level 5 of the Dungeon
  4542 | D:5      | Found a staircase to the Ecumenical Temple.
  4601 | D:5      | Gained mutation: You sometimes emit foul miasma when
                  | damaged in melee. [demonic ancestry]
  4601 | D:5      | Reached XP level 7. HP: 56/56 MP: 8/8
  4662 | D:5      | Found a snail-covered altar of Cheibriados.
  4716 | D:5      | Slain by a hornet zombie

Illustrated notes

Levels and vault maps discovered:
D:1:      erik_arrival_blinker_ship, layout_basic, shapermc_ecumenical_altar_gd
D:2:      layout_rooms
D:3:      layout_loops_corners, elyvilon_altar_4
D:4:      layout_basic, lemuel_round_altar, nicolae_overflow_hidden_temple,
          uniq_robin, uniq_edmund
D:5:      layout_loops_corners, overflow_temple_1_default,
          kennysheep_little_box, fedhas_altar_3, minmay_temple_entry_mist

Skill      XL: |  1  2  3  4  5  6 |
---------------+-------------------+-----
Axes           | 2 3 4 5 |  5.7
Fighting       | 4 5 |  5.0
Invocations    | 1 |  1.9
Armour         | |  2.6
Shields        | |  2.6

Action                   |  1- 3 |  4- 6 |  7- 9 || total
-------------------------+-------+-------+-------++-------
Melee: War axe           |   124 |   143 |     7 ||   274
Invok: Minor Destruction |       |     4 |     3 ||     7
       Lesser Servant of |       |     1 |       ||     1
  Use: Potion            |       |       |     6 ||     6
Armor: Scale mail        |    79 |    79 |     5 ||   163
Dodge: Dodged            |    34 |    51 |     1 ||    86
Block: Kite shield       |    58 |    95 |     6 ||   159

Table legend: (Time is in decaauts)
 A = Elapsed time spent in this place.
 B = Non-inter-level travel time spent in this place.
 C = Inter-level travel time spent in this place.
 D = Time resting spent in this place.
 E = Time spent auto-exploring this place.
 F = Levels seen in this place.
 G = Mean time per level.
                   A        B        C        D        E       F      G
               +--------+--------+--------+--------+--------+-----+--------+
         Total |   4872 |   4755 |    117 |      0 |   3976 |   5 |  974.4 |
       Dungeon |   4872 |   4755 |    117 |      0 |   3976 |   5 |  974.4 |
               +--------+--------+--------+--------+--------+-----+--------+

Top non-repeatable levels by time:
     D:3: 1359 daAuts
     D:1: 1200 daAuts
     D:2: 1080 daAuts
     D:4: 966 daAuts
     D:5: 265 daAuts
